 Dungeon Crawl Stone Soup version 0.21-a0-344-g2144152 (webtiles) character file.

1162 paralogiki the Infuser (level 8, 0/63 HPs)
             Began as a Gnoll Wanderer on Oct 4, 2017.
             Slain by an orc warrior
             ... wielding a +0 scimitar
              (16 damage)
             ... on level 5 of the Dungeon.
             The game lasted 00:08:43 (5368 turns).

paralogiki the Infuser (Gnoll Wanderer)             Turns: 5368, Time: 00:08:45

Health: 0/63       AC: 10    Str: 22    XL:     8   Next: 40%
Magic:  12/12      EV: 12    Int: 13    God:
Gold:   267        SH: 10    Dex: 16    Spells: 11/13 levels left

rFire    . . .     SeeInvis .   w - +0 war axe (flame)
rCold    . . .     Gourm    .   f - +0 shield
rNeg     . . .     Faith    .   y - +1 ring mail {MR+}
rPois    .         Spirit   .   q - +0 helmet
rElec    .         Reflect  .   (no cloak)
rCorr    .         Harm     .   (no gloves)
MR       ++...     Rnd*Rage +   (no boots)
Stlth    ++........             (no amulet)
HPRegen  0.20/turn              (no ring)
MPRegen  0.13/turn              (no ring)

@: mighty
A: distributed training, fangs 1, repulsion field 1, molten scales 1, berserk 1,
magic resistance 1, strong nose
a: no special abilities


You were on level 5 of the Dungeon.
You were not hungry.

You visited 1 branch of the dungeon, and saw 5 of its levels.

You collected 267 gold pieces.

Inventory:

Hand Weapons
 w - a +0 war axe of flaming (weapon)
   (You found it on level 3 of the Dungeon)
Armour
 f - a +0 shield (worn)
   (You found it on level 1 of the Dungeon)
 q - a +0 helmet (worn)
   (You found it on level 1 of the Dungeon)
 y - a +1 ring mail of magic resistance (worn)
   (You took it off Edmund on level 4 of the Dungeon)
Scrolls
 d - a scroll of fog
 h - a scroll of teleportation
 j - a scroll of recharging
 m - 2 scrolls of blinking {!r}
Potions
 e - a potion of ambrosia
 k - a potion of magic
 r - a potion of brilliance
 s - a potion of curing {@q1}
 t - a potion of flight
 v - a potion of cancellation
Books
 a - a book of Battle
 g - a book of Frost
   (You found it on level 5 of the Dungeon)
Comestibles
 c - 13 chunks of flesh {@w0}
 n - 2 fruits
 o - 6 bread rations {@e1}
 p - a meat ration {@e2}


   Skills:
 + Level 5.6 Fighting
 + Level 3.1 Short Blades
 + Level 3.1 Long Blades
 + Level 3.1 Axes
 + Level 3.1 Maces & Flails
 + Level 3.1 Polearms
 + Level 3.1 Staves
 + Level 3.1 Slings
 + Level 3.1 Bows
 + Level 3.1 Crossbows
 + Level 4.1 Throwing
 + Level 4.1 Armour
 + Level 3.1 Dodging
 + Level 4.0 Stealth
 + Level 3.1 Shields
 + Level 3.1 Unarmed Combat
 + Level 3.1 Spellcasting
 + Level 3.1 Conjurations
 + Level 3.1 Hexes
 + Level 10.8 Charms
 + Level 3.1 Summonings
 + Level 3.1 Necromancy
 + Level 3.1 Translocations
 + Level 3.1 Transmutations
 + Level 3.1 Fire Magic
 + Level 3.1 Ice Magic
 + Level 3.1 Air Magic
 + Level 3.1 Earth Magic
 + Level 3.1 Poison Magic
 + Level 3.1 Invocations
 + Level 3.1 Evocations


You had 11 spell levels left.
You knew the following spells:

 Your Spells              Type           Power        Failure   Level  Hunger
z - Song of Slaying       Chrm           ####....     2%          2    ##.....


Dungeon Overview and Level Annotations

Branches:
Dungeon (5/15)
 Temple: D:4-7

Altars:
Fedhas

Annotations:
D:4 Sigmund


Innate Abilities, Weirdness & Mutations

Your experience applies equally to all skills.
You have very sharp teeth.
Your uncanny sense of smell can sniff out nearby items.
You are surrounded by a mild repulsion field. (EV +2)
You are partially covered in molten scales. (AC +2)
You tend to lose your temper in combat.
You are resistant to hostile enchantments. (MR+)


Message History

The orc shouts!
You hit the bullfrog zombie. You burn the bullfrog zombie.
You hit the orc warrior but do no damage.
The bullfrog zombie hits you but does no damage.
You block the orc warrior's attack.
The bullfrog zombie hits you but does no damage.
You block the orc warrior's attack.
You slash the bullfrog zombie! You burn the bullfrog zombie.
You destroy the bullfrog zombie!
Your life force feels restored.
You hit the orc warrior but do no damage.
The orc warrior completely misses you.
You start singing a song of slaying.
You hear a shout!
You now have 10/12 mp.
An orc comes into view. It is wielding a club.
The orc barely misses you.
The orc warrior hits you with a scimitar!
You take 7 damage, and have 56/63 hp.
Your shield and ring mail prevent you from hitting the orc.
You hit the orc warrior but do no damage.
The orc hits you but does no damage.
The orc warrior hits you with a scimitar.
You take 1 damage, and have 55/63 hp.
You barely miss the orc. You hit the orc warrior. You burn the orc warrior.
You closely miss the orc. You block the orc's attack. The orc misses you.
The orc warrior hits you with a scimitar!
The orc hits you but does no damage.
You take 6 damage, and have 49/63 hp.
You slash the orc! You burn the orc.
You kill the orc!
You hit the orc warrior. You burn the orc warrior.
You hit the orc but do no damage. The orc warrior closely misses you.
The orc hits you but does no damage. You block the orc's attack.
Things that are here:
a flail; 25 gold pieces You hit the orc.
You burn the orc. You bite the orc. You hit the orc warrior.
You burn the orc warrior. You block the orc warrior's attack.
The orc hits you but does no damage.
You hit the orc but do no damage. You closely miss the orc warrior.
You block the orc warrior's attack. You block the orc's attack.
The orc warrior hits you with a scimitar.
The orc hits you but does no damage.
You take 4 damage, and have 45/63 hp.
You barely miss the orc. You closely miss the orc warrior.
The orc hits you but does no damage. You block the orc warrior's attack.
You barely miss the orc.
You hit the orc warrior but do no damage.
You block the orc's attack.
The orc warrior hits you but does no damage.
You closely miss the orc.
You hit the orc warrior but do no damage.
You hear a shout!
The orc hits you with a club. You block the orc warrior's attack.
You block the orc's attack.
You take 1 damage, and have 44/63 hp.
You hit the orc. You burn the orc.
You kill the orc!
You closely miss the orc warrior.
The orc warrior hits you with a scimitar!
An ogre comes into view. It is wielding a giant spiked club.
You take 7 damage, and have 37/63 hp.
MP restored: 12 You hit the orc warrior.
You burn the orc warrior. You block the orc warrior's attack.
The orc warrior barely misses you.
You hit the orc warrior but do no damage.
You bite the orc warrior, but do no damage.
You block the orc warrior's attack.
You completely miss the orc warrior.
The orc warrior hits you with a scimitar!
You take 8 damage, and have 29/63 hp.
You hit the orc warrior but do no damage.
Your bite misses the orc warrior. The orc warrior barely misses you.
You hit the orc warrior. You burn the orc warrior.
Your bite misses the orc warrior. You hit the ogre. You burn the ogre.
Your song is almost over.
The ogre barely misses you. You block the orc warrior's attack.
You closely miss the orc warrior.
You bite the orc warrior, but do no damage.
You barely miss the ogre. The ogre misses you.
You block the orc warrior's attack.
It was a potion of might.
You feel very mighty all of a sudden.
The ogre hits you with a giant spiked club!
* * * LOW HITPOINT WARNING * * *
The orc warrior hits you with a scimitar.
* * * LOW HITPOINT WARNING * * *
You take 13 damage, and have 16/63 hp.
MASSIVE DAMAGE!!
You hit the orc warrior. You burn the orc warrior.
Your bite misses the orc warrior. You slash the ogre! You burn the ogre.
The orc warrior closely misses you. The ogre closely misses you.
You closely miss the orc warrior. You slash the ogre! You burn the ogre.
You kill the ogre!
Your Stealth skill increases to level 4!
Your song has ended.
You block the orc warrior's attack.
The orc warrior hits you with a scimitar!
You die...

## .# ...## #.# .##
#..#.# ... ... ....#.###
##.# #.# #.# #........
... .. ..# ........##.#
..# ##(# #.........##
#.#####...
.......o##.###.....##...
......)@)...............
........................
.....#####....######....
####. ##............>) #
................).
.#.......#.......<
#......##.####...
#.#....##.##.....
#.#....##.##.#...


You could see an orc warrior.

Vanquished Creatures
  Edmund (D:4)
  3 ogres
  A centaur (D:5)
  A water moccasin skeleton (D:4)
  2 bullfrog zombies (D:5)
  A crimson imp (D:5)
  3 hounds (D:4)
  An orc priest (D:3)
  A bullfrog skeleton (D:4)
  3 orc wizards
  4 worker ants (D:4)
  A hound skeleton (D:4)
  9 adders
  An ooze (D:2)
  An adder skeleton (D:5)
  5 worms
  5 dart slugs
  4 leopard geckos
  17 orcs
  4 giant cockroaches
  6 goblins
  4 hobgoblins (D:1)
  7 jackals
  12 kobolds
  A ball python (D:3)
  10 bats
  13 frilled lizards
  A giant cockroach zombie (D:5)
  2 quokka skeletons
  6 rats
130 creatures vanquished.

Notes
Turn   | Place    | Note
-------+----------+-------------------------------------------
     0 | D:1      | Reached skill level 10 in Charms
     0 | D:1      | paralogiki the Gnoll Wanderer began the quest for the Orb.
     0 | D:1      | paralogiki set off with: a book of Battle, a +0 ring mail, a +0 spear, a bread ration {@e1}
     0 | D:1      | Reached XP level 1. HP: 20/20 MP: 1/1
   385 | D:1      | Reached XP level 2. HP: 26/26 MP: 2/2
   807 | D:1      | Reached XP level 3. HP: 23/31 MP: 3/3
  1120 | D:2      | HP: 7/31 [poisoned by an adder]
  1807 | D:2      | Reached skill level 1 in Short Blades
  1807 | D:2      | Reached skill level 1 in Long Blades
  1807 | D:2      | Reached skill level 1 in Axes
  1807 | D:2      | Reached skill level 1 in Maces & Flails
  1807 | D:2      | Reached skill level 1 in Polearms
  1807 | D:2      | Reached skill level 1 in Staves
  1807 | D:2      | Reached skill level 1 in Slings
  1807 | D:2      | Reached skill level 1 in Bows
  1807 | D:2      | Reached skill level 1 in Crossbows
  1807 | D:2      | Reached skill level 1 in Dodging
  1807 | D:2      | Reached skill level 1 in Shields
  1807 | D:2      | Reached skill level 1 in Unarmed Combat
  1807 | D:2      | Reached skill level 1 in Spellcasting
  1807 | D:2      | Reached skill level 1 in Conjurations
  1807 | D:2      | Reached skill level 1 in Hexes
  1807 | D:2      | Reached skill level 1 in Summonings
  1807 | D:2      | Reached skill level 1 in Necromancy
  1807 | D:2      | Reached skill level 1 in Translocations
  1807 | D:2      | Reached skill level 1 in Transmutations
  1807 | D:2      | Reached skill level 1 in Fire Magic
  1807 | D:2      | Reached skill level 1 in Ice Magic
  1807 | D:2      | Reached skill level 1 in Air Magic
  1807 | D:2      | Reached skill level 1 in Earth Magic
  1807 | D:2      | Reached skill level 1 in Poison Magic
  1807 | D:2      | Reached skill level 1 in Invocations
  1807 | D:2      | Reached skill level 1 in Evocations
  1847 | D:2      | Reached XP level 4. HP: 17/38 MP: 5/5
  2065 | D:2      | Learned a level 2 spell: Song of Slaying
  2524 | D:2      | Found a blossoming altar of Fedhas.
  2685 | D:3      | Reached XP level 5. HP: 43/43 MP: 3/6
  3580 | D:3      | Reached skill level 3 in Throwing
  3580 | D:3      | Reached skill level 3 in Armour
  3904 | D:4      | Reached skill level 3 in Stealth
  3904 | D:4      | Reached XP level 6. HP: 40/50 MP: 8/8
  3987 | D:4      | HP: 9/50 [ogre/giant club (26)]
  3988 | D:4      | Gained mutation: You are resistant to hostile enchantments. (MR+) [potion of mutation]
  3988 | D:4      | Gained mutation: You tend to lose your temper in combat. [potion of mutation]
  3988 | D:4      | Gained mutation: You are surrounded by a mild repulsion field. (EV +2) [potion of mutation]
  3988 | D:4      | Gained mutation: You are partially covered in molten scales. (AC +2) [potion of mutation]
  3990 | D:4      | Reached skill level 5 in Fighting
  3990 | D:4      | Reached skill level 2 in Short Blades
  3990 | D:4      | Reached skill level 2 in Long Blades
  3990 | D:4      | Reached skill level 2 in Axes
  3990 | D:4      | Reached skill level 2 in Maces & Flails
  3990 | D:4      | Reached skill level 2 in Polearms
  3990 | D:4      | Reached skill level 2 in Staves
  3990 | D:4      | Reached skill level 2 in Slings
  3990 | D:4      | Reached skill level 2 in Bows
  3990 | D:4      | Reached skill level 2 in Crossbows
  3990 | D:4      | Reached skill level 2 in Dodging
  3990 | D:4      | Reached skill level 2 in Shields
  3990 | D:4      | Reached skill level 2 in Unarmed Combat
  3990 | D:4      | Reached skill level 2 in Spellcasting
  3990 | D:4      | Reached skill level 2 in Conjurations
  3990 | D:4      | Reached skill level 2 in Hexes
  3990 | D:4      | Reached skill level 2 in Summonings
  3990 | D:4      | Reached skill level 2 in Necromancy
  3990 | D:4      | Reached skill level 2 in Translocations
  3990 | D:4      | Reached skill level 2 in Transmutations
  3990 | D:4      | Reached skill level 2 in Fire Magic
  3990 | D:4      | Reached skill level 2 in Ice Magic
  3990 | D:4      | Reached skill level 2 in Air Magic
  3990 | D:4      | Reached skill level 2 in Earth Magic
  3990 | D:4      | Reached skill level 2 in Poison Magic
  3990 | D:4      | Reached skill level 2 in Invocations
  3990 | D:4      | Reached skill level 2 in Evocations
  4376 | D:4      | Reached XP level 7. HP: 53/56 MP: 10/10
  4790 | D:4      | Noticed Sigmund
  4819 | D:4      | Noticed Edmund
  4836 | D:4      | Killed Edmund
  5233 | D:5      | Entered Level 5 of the Dungeon
  5252 | D:5      | Reached XP level 8. HP: 53/63 MP: 12/12
  5296 | D:5      | Reached skill level 3 in Short Blades
  5296 | D:5      | Reached skill level 3 in Long Blades
  5296 | D:5      | Reached skill level 3 in Axes
  5296 | D:5      | Reached skill level 3 in Maces & Flails
  5296 | D:5      | Reached skill level 3 in Polearms
  5296 | D:5      | Reached skill level 3 in Staves
  5296 | D:5      | Reached skill level 3 in Slings
  5296 | D:5      | Reached skill level 3 in Bows
  5296 | D:5      | Reached skill level 3 in Crossbows
  5296 | D:5      | Reached skill level 4 in Throwing
  5296 | D:5      | Reached skill level 4 in Armour
  5296 | D:5      | Reached skill level 3 in Dodging
  5296 | D:5      | Reached skill level 3 in Shields
  5296 | D:5      | Reached skill level 3 in Unarmed Combat
  5296 | D:5      | Reached skill level 3 in Spellcasting
  5296 | D:5      | Reached skill level 3 in Conjurations
  5296 | D:5      | Reached skill level 3 in Hexes
  5296 | D:5      | Reached skill level 3 in Summonings
  5296 | D:5      | Reached skill level 3 in Necromancy
  5296 | D:5      | Reached skill level 3 in Translocations
  5296 | D:5      | Reached skill level 3 in Transmutations
  5296 | D:5      | Reached skill level 3 in Fire Magic
  5296 | D:5      | Reached skill level 3 in Ice Magic
  5296 | D:5      | Reached skill level 3 in Air Magic
  5296 | D:5      | Reached skill level 3 in Earth Magic
  5296 | D:5      | Reached skill level 3 in Poison Magic
  5296 | D:5      | Reached skill level 3 in Invocations
  5296 | D:5      | Reached skill level 3 in Evocations
  5368 | D:5      | Reached skill level 4 in Stealth
  5368 | D:5      | Slain by an orc warrior

Vault maps used:
D:1:      lightli_molten_gateway, corexii_hall_statues_u
D:2:      fedhas_altar_2, kennysheep_generic_room_11
D:3:      first_bread, minmay_lizard_king
D:4:      sigmund_edmund_badplayer
D:5:      amethyst_overflow_temple_binary, serial_undead, serial_undead_b,
          serial_undead_a, serial_undead_d, serial_undead_e,
          minmay_tree_intersection, kennysheep_dice

Skill      XL: |  1  2  3  4  5  6  7  8 |
---------------+-------------------------+-----
Charms         | | 10.8
Short Blades   | 1 2 3 |  3.1
Long Blades    | 1 2 3 |  3.1
Axes           | 1 2 3 |  3.1
Maces & Flails | 1 2 3 |  3.1
Polearms       | 1 2 3 |  3.1
Staves         | 1 2 3 |  3.1
Slings         | 1 2 3 |  3.1
Bows           | 1 2 3 |  3.1
Crossbows      | 1 2 3 |  3.1
Dodging        | 1 2 3 |  3.1
Shields        | 1 2 3 |  3.1
Unarmed Combat | 1 2 3 |  3.1
Spellcasting   | 1 2 3 |  3.1
Conjurations   | 1 2 3 |  3.1
Hexes          | 1 2 3 |  3.1
Summonings     | 1 2 3 |  3.1
Necromancy     | 1 2 3 |  3.1
Translocations | 1 2 3 |  3.1
Transmutations | 1 2 3 |  3.1
Fire Magic     | 1 2 3 |  3.1
Ice Magic      | 1 2 3 |  3.1
Air Magic      | 1 2 3 |  3.1
Earth Magic    | 1 2 3 |  3.1
Poison Magic   | 1 2 3 |  3.1
Invocations    | 1 2 3 |  3.1
Evocations     | 1 2 3 |  3.1
Throwing       | 3 4 |  4.1
Armour         | 3 4 |  4.1
Stealth        | 3 4 |  4.0
Fighting       | 5 |  5.6

Action                   |  1- 3 |  4- 6 |  7- 9 || total
-------------------------+-------+-------+-------++-------
Melee: Spear             |   174 |   117 |       ||   291
       Bite              |    15 |    22 |    16 ||    53
       War axe           |       |    60 |   148 ||   208
       Hand axe          |       |    11 |       ||    11
       Dagger            |       |       |     5 ||     5
 Cast: Song of Slaying   |       |     2 |     4 ||     6
  Use: Potion            |       |     4 |     2 ||     6
       Scroll            |       |       |     9 ||     9
 Stab: Sleeping          |     2 |     2 |     4 ||     8
  Eat: Chunk             |     1 |     6 |     4 ||    11
       Bread ration      |     1 |       |       ||     1
Armor: Ring mail         |    54 |    68 |    60 ||   182
Dodge: Dodged            |    43 |    64 |    84 ||   191
Block: Shield            |    46 |    86 |    96 ||   228

Table legend:
 A = Spawn XP
 B = Non-spawn XP
 C = Spawn XP percentage of total XP
 D = Spawn monster count
 E = Non-spawn monster count
 F = Spawn count percentage of total count
 G = Total turns spent on level
                    A         B        C        D         E        F      G
               +---------+---------+-------+---------+---------+-------+---------
         Total |       0 |    1661 |   0.0 |       0 |     130 |   0.0 |  5368
               +---------+---------+-------+---------+---------+-------+---------
           D:1 |       0 |      36 |   0.0 |       0 |      20 |   0.0 |  1188
           D:2 |       0 |     118 |   0.0 |       0 |      26 |   0.0 |  1456
           D:3 |       0 |     144 |   0.0 |       0 |      36 |   0.0 |  1244
           D:4 |       0 |     833 |   0.0 |       0 |      29 |   0.0 |  1345
           D:5 |       0 |     530 |   0.0 |       0 |      19 |   0.0 |   135
               +---------+---------+-------+---------+---------+-------+---------

Vault maps used:
D:1:      lightli_molten_gateway, corexii_hall_statues_u
D:2:      fedhas_altar_2, kennysheep_generic_room_11
D:3:      first_bread, minmay_lizard_king
D:4:      sigmund_edmund_badplayer
D:5:      amethyst_overflow_temple_binary, serial_undead, serial_undead_b,
          serial_undead_a, serial_undead_d, serial_undead_e,
          minmay_tree_intersection, kennysheep_dice

Table legend:
 A = Turns spent in this place as a percentage of turns spent in the entire game.
 B = Non-inter-level travel turns spent in this place as a percentage of non-inter-level travel turns spent in the entire game.
 C = Inter-level travel turns spent in this place as a percentage of turns spent in this place.
 D = Turns resting spent in this place as a percentage of non-inter-level travel turns spent in this place.
 E = Turns spent auto-exploring this place as a percentage of non-inter-level travel turns spent in this place.
 F = Non-inter-level travel turns spent in this place divided by the number of levels of this place that you've seen.
                   A       B       C       D       E      F
               +-------+-------+-------+-------+-------+----------------------
         Total | 100.0 | 100.0 |   2.7 |  35.2 |  45.3 | 1044.4
       Dungeon | 100.0 | 100.0 |   2.7 |  35.2 |  45.3 | 1044.4
               +-------+-------+-------+-------+-------+----------------------

Table legend:
 A = Kills in this place as a percentage of kills in entire the game.
 B = Kills by you in this place as a percentage of kills by you in the entire game.
 C = Kills by friends in this place as a percentage of kills by friends in the entire game.
 D = Other kills in this place as a percentage of other kills in the entire game.
 E = Experience gained in this place as a percentage of experience gained in the entire game.
 F = Experience gained in this place divided by the number of levels of this place that you have seen.
                   A       B       C       D       E      F
               +-------+-------+-------+-------+-------+----------------------
         Total | 100.0 | 100.0 |   N/A |   N/A | 100.0 | 332.2
       Dungeon | 100.0 | 100.0 |   N/A |   N/A | 100.0 | 332.2
               +-------+-------+-------+-------+-------+----------------------
